 Dungeon Crawl Stone Soup version 0.19-a0-1886-gd64a0f0 (webtiles) character file.

8 Amnesiac the Gusty (level 2, -3/15 HPs)
             Began as a Tengu Air Elementalist on Oct 15, 2016.
             Killed from afar by an orc wizard (9 damage)
             ... with a puff of flame
             ... on level 3 of the Dungeon.
             The game lasted 00:01:40 (640 turns).

Amnesiac the Gusty (Tengu Air Elementalist)          Turns: 640, Time: 00:01:41

Health: -3/15      AC:  3    Str:  8    XL:     2   Next: 8%
Magic:  6/6        EV: 12    Int: 15    God:
Gold:   33         SH:  0    Dex: 14    Spells: 3 memorised, 0 levels left

rFire  . . .     SeeInvis .     (no weapon)
rCold  . . .     Gourm    .     a - +1 robe
rNeg   . . .     Faith    .     (no shield)
rPois  .         Spirit   .     (helmet restricted)
rElec  .         Dismiss  .     (no cloak)
rCorr  .         Reflect  .     (no gloves)
MR     .....     Harm     .     (boots unavailable)
Stlth  ++........               (no amulet)
                                (no ring)
                                (no ring)

@: repel missiles
A: beak, talons 3
a: no special abilities


You were on level 3 of the Dungeon.
You were not hungry.

You visited 1 branch of the dungeon, and saw 4 of its levels.

You collected 33 gold pieces.

Inventory:

Armour
 a - a +1 robe (worn)
Scrolls
 f - a scroll of recharging {unknown}
 l - a scroll of identify {unknown}
Potions
 g - a potion of flight {unknown}
 i - a potion of heal wounds {unknown}
 j - a potion of degeneration {unknown}
 k - a potion of haste {unknown}
 m - 2 potions of ambrosia {unknown}
Books
 b - a book of Air

   Spells                             Type                      Level
   a - Shock                          Conjuration/Air              1
   b - Swiftness                      Charms/Air                   2
   c - Repel Missiles                 Charms/Air                   2
   d - Static Discharge               Conjuration/Air              3
   e - Lightning Bolt                 Conjuration/Air              5
Comestibles
 c - a bread ration
 h - a slice of pizza


   Skills:
 - Level 2.1 Dodging
 - Level 2.0 Stealth
 - Level 2.0 Spellcasting
 + Level 2.8 Conjurations
 - Level 4.0 Air Magic


You couldn't memorise any spells.
You knew the following spells:

 Your Spells              Type           Power        Failure   Level  Hunger
a - Repel Missiles        Chrm/Air       #.....       14%         2    ###....
w - Swiftness             Chrm/Air       #.......     14%         2    ###....
z - Shock                 Conj/Air       ##..         8%          1    #......


Dungeon Overview and Level Annotations

Branches:
Dungeon (4/15)
 Temple: D:4-7

Altars:


Innate Abilities, Weirdness & Mutations

You have a beak for a mouth.
You have claws for feet.


Message History

Magic restored.
An orc wizard comes into view. It is wielding a dagger.
The orc wizard shouts!
The orc wizard casts a spell.
The orc wizard seems to speed up.
An orc wizard is nearby!
There is an open door here.
As you read the scroll labeled ODOBBUS NEEMP, it crumbles to dust.
It is a scroll of enchant weapon.
You aren't carrying any weapons that can be enchanted.
The orc wizard casts a spell at you. The magic dart hits you!
Ouch! That really hurt!
As you read the scroll labeled FEUSTY BIRI, it crumbles to dust.
It is a scroll of enchant armour.
Your +0 robe glows green for a moment.
The orc wizard casts a spell at you. The puff of flame hits you!
Ouch! That really hurt!
You die...

.#.........#..#.........#...<..#
.##'##.....#..#....####+##.....#
.##.#......#..#.##.###...#.......
###....#.#.#..#..........+...#.##
#....#...#..##.........#...#.#
#.##.#####.............#...#.#
#.......###....#'###...#...#.#
#....##.######.#.# #...###.#
#....##.....##@#.# #...#
#..).##.....'....# #...#
#......#...o##.### #####
######........##'#####
.....#....#.#.#......#
..........#.#........###
...#.###.#####.....)....
...#.....#####...##.....
............##...# ....o


You could see an orc wizard.

Vanquished Creatures
  An orc (D:3)
  A bat (D:1)
  A giant cockroach (D:2)
  A hobgoblin (D:1)
  A kobold (D:1)
  A goblin (D:1)
6 creatures vanquished.

Notes
Turn   | Place    | Note
-------+----------+-------------------------------------------
     0 | D:1      | Amnesiac the Tengu Air Elementalist began the quest for the Orb.
     0 | D:1      | Reached XP level 1. HP: 10/10 MP: 4/4
   411 | D:4      | Noticed a howler monkey
   542 | D:3      | Reached XP level 2. HP: 15/15 MP: 1/6
   548 | D:3      | Learned a level 2 spell: Repel Missiles
   551 | D:3      | Learned a level 2 spell: Swiftness
   640 | D:3      | Killed from afar by an orc wizard

Vault maps used:
D:1:      lemuel_arrival_cross, grunt_decor_fettered, solitary_fountain
D:2:      elyvilon_altar_4
D:3:      grunt_temple_overflow_order_and_chaos_2
D:4:      kennysheep_mini, minmay_misc_feat_room, tgw_xom, uniq_grinder

Skill      XL: |  1 |
---------------+----+-----
Conjurations   | 2 |  2.8
Dodging        | |  2.1
Stealth        | |  2.0
Spellcasting   | |  2.0
Air Magic      | |  4.0

Action                   || total
-------------------------++-------
 Cast: Shock             ||    13
       Repel Missiles    ||     1
  Use: Scroll            ||     2
Armor: Robe              ||     1
Dodge: Dodged            ||     1
